 Dungeon Crawl Stone Soup version 0.18-b1-2-gd0c887e (webtiles) character file.

408 Alarkh the Poker (level 6, -9/44 HPs)
             Began as a Mummy Skald on Apr 28, 2016.
             Mangled by an ogre
             ... wielding a +0 giant club
              (20 damage)
             ... on level 5 of the Dungeon.
             The game lasted 00:07:31 (3831 turns).

Alarkh the Poker (Mummy Skald)                      Turns: 3831, Time: 00:07:32

Health: -9/44      AC:  4    Str: 15    XL:     6   Next: 57%
Magic:  3/9        EV:  6    Int: 13    God:
Gold:   175        SH:  0    Dex: 12    Spells: 4 memorised, 1 level left

rFire  x . .     SeeInvis .     a - +0 spear
rCold  + . .     Gourm    .     b - +0 leather armour
rNeg   + + +     Faith    .     (no shield)
rPois  ∞         Spirit   .     (no helmet)
rElec  .         Dismiss  .     (no cloak)
rCorr  .         Reflect  .     k - +0 pair of gloves (curse)
SustAt .         Harm     .     (no boots)
MR     .....                    (no amulet)
Stlth  +.........               (no ring)
                                (no ring)

@: infused (expiring), not resistant to hostile enchantments, very unstealthy
A: no food or potions, fire vulnerability, cold resistance 1, negative energy
resistance 3, torment resistance, unbreathing
a: no special abilities


You were on level 5 of the Dungeon.
You were not hungry.

You visited 1 branch of the dungeon, and saw 5 of its levels.

You collected 175 gold pieces.

Inventory:

Hand Weapons
 a - a +0 spear (weapon)
Missiles
 m - 23 poisoned needles
Armour
 b - a +0 leather armour (worn)
 h - a +0 pair of gloves
 k - a cursed +0 pair of gloves (worn)
Jewellery
 f - an uncursed amulet of harm
Scrolls
 d - a scroll of remove curse
 e - a scroll of blinking
 i - a scroll of magic mapping {unknown}
 l - a scroll of noise {unknown}
 n - a scroll of amnesia {unknown}
 o - a scroll of enchant weapon {unknown}
Books
 c - a book of Battle

   Spells                             Type                      Level
   a - Infusion                       Charms                       1
   b - Shroud of Golubria             Charms/Translocation         2
   c - Song of Slaying                Charms                       2
   d - Spectral Weapon                Hexes/Charms                 3
   e - Regeneration                   Charms/Necromancy            3
 j - a Young Poisoner's Handbook

   Spells                             Type                      Level
   a - Sting                          Conjuration/Poison           1
   b - Cure Poison                    Poison                       2
   c - Mephitic Cloud                 Conjuration/Poison/Air       3
   d - Olgreb's Toxic Radiance        Poison                       4
   e - Venom Bolt                     Conjuration/Poison           5


   Skills:
 - Level 2.0 Fighting
 + Level 5.9 Polearms
 - Level 0.7 Armour
 - Level 0.7 Dodging
 - Level 2.0 Spellcasting
 - Level 2.4 Charms


You had one spell level left.
You knew the following spells:

 Your Spells              Type           Power        Failure   Level  Hunger
a - Infusion              Chrm           #...         14%         1    N/A
b - Song of Slaying       Chrm           #.......     21%         2    N/A
c - Shroud of Golubria    Chrm/Tloc      #.........   30%         2    N/A
d - Spectral Weapon       Hex/Chrm       #.......     65%         3    N/A

Dungeon Overview and Level Annotations

Branches:
Dungeon (5/15)
 Temple: D:4-7

Altars:
Cheibriados
Dithmenos
Trog
Yredelemnul

Shops:
D:4 [

Annotations:
D:3 RudyRod's ghost, amateur DsFE


Innate Abilities, Weirdness & Mutations

You do not eat or drink.
Your flesh is vulnerable to fire.
You are immune to poison.
Your flesh is cold resistant.
You are immune to negative energy.
You are immune to unholy pain and torment.
You can survive without breathing.


Message History

The shadow imp barely misses you.
Casting: Infusion
Confirm with . or Enter, or press ? or * to list all spells.
You begin infusing your attacks with magical energy.
The shadow imp barely misses you.
Unknown command.
You hit the shadow imp!
The shadow imp is severely wounded.
The shadow imp closely misses you.
You hit the shadow imp but do no damage.
The shadow imp is severely wounded.
You hit the shadow imp.
The shadow imp is almost dead.
The shadow imp barely misses you.
You hit the shadow imp.
You kill the shadow imp!
Your magical infusion is running out.
There is a stone staircase leading up here.
The ogre hits you with a giant club!!
You die...

# #.#.................#
#.#####.####.####.##..##..#
#............# #.##..##..#
####.######### #.........#
#.#### ####.#.#..# #....#
#.#.##.# ####.# #######
#......# #†# #.....#
###.#### #.# #....@# #.#
#.# #....O# #.# ... #.....#
#.# ... #.....# ##.# .....
###.### #..# .....
#.######.## ##...##
#........#
#.#############..#
#.......# #..#


You could see an ogre.

Vanquished Creatures
  A phantom (D:4)
  An ogre (D:5)
  A howler monkey (D:4)
  A giant frog skeleton (D:4)
  An iguana (D:5)
  A worker ant (D:4)
  3 adders
  A shadow imp (D:5)
  2 worms
  4 dart slugs
  3 giant geckos
  6 orcs
  6 bats
  2 giant cockroaches (D:3)
  8 goblins
  5 hobgoblins
  2 jackals (D:1)
  4 kobolds
  4 quokkas
  5 giant newts
  2 quokka skeletons (D:4)
  6 rats
  A spectral orc (D:2)
70 creatures vanquished.

Vanquished Creatures (others)
  2 spectral weapons
2 creatures vanquished.

Grand Total: 72 creatures vanquished

Notes
Turn   | Place    | Note
--------------------------------------------------------------
     0 | D:1      | Alarkh the Mummy Skald began the quest for the Orb.
     0 | D:1      | Reached XP level 1. HP: 16/16 MP: 3/3
    68 | D:1      | Reached skill level 2 in Polearms
   358 | D:1      | Reached XP level 2. HP: 15/22 MP: 1/5
  1052 | D:1      | Reached XP level 3. HP: 11/27 MP: 0/6
  1056 | D:1      | Learned a level 2 spell: Song of Slaying
  1059 | D:1      | Learned a level 2 spell: Shroud of Golubria
  1498 | D:1      | Reached skill level 3 in Polearms
  2076 | D:2      | Found a basalt altar of Yredelemnul.
  2117 | D:2      | Reached XP level 4. HP: 24/33 MP: 0/7
  2249 | D:2      | Found a snail-covered altar of Cheibriados.
  2249 | D:2      | Found a shadowy altar of Dithmenos.
  2707 | D:3      | Noticed RudyRod's ghost (amateur DsFE)
  2719 | D:4      | Noticed a phantom
  2726 | D:5      | Entered Level 5 of the Dungeon
  2738 | D:5      | Found a bloodstained altar of Trog.
  2814 | D:5      | Reached skill level 4 in Polearms
  2929 | D:4      | Found Puyw's Armour Boutique.
  2992 | D:4      | Reached XP level 5. HP: 22/38 MP: 1/8
  3136 | D:4      | Noticed a phantom
  3216 | D:4      | Reached skill level 5 in Polearms
  3459 | D:4      | Learned a level 3 spell: Spectral Weapon
  3487 | D:4      | Killed a phantom
  3487 | D:4      | Reached XP level 6. HP: 24/44 MP: 4/9
  3657 | D:5      | Paralysed by a goblin for 3 turns
  3831 | D:5      | Mangled by an ogre

Skill      XL: |  1  2  3  4  5 |
---------------+----------------+-----
Polearms       | 2 3 4 5 |  5.9
Fighting       | |  2.0
Armour         | |  0.7
Dodging        | |  0.7
Spellcasting   | |  2.0
Charms         | |  2.4

Action                   |  1- 3 |  4- 6 || total
-------------------------+-------+-------++-------
Melee: Spear             |   184 |   191 ||   375
 Cast: Infusion          |    23 |    26 ||    49
       Spectral Weapon   |       |     2 ||     2
  Use: Scroll            |       |     2 ||     2
Armor: Leather armour    |    38 |    39 ||    77
Dodge: Dodged            |    89 |    90 ||   179
